 Dungeon Crawl Stone Soup version 0.31-a0-455-g1a7b003ef0 (webtiles) character file.

Game seed: 11246958450919644893

99 Dirtsage the Changeling (level 4, -7/28 HPs)
             Began as an Octopode Shapeshifter on Aug 3, 2023.
             Killed by divine providence
             ... invoked by an orc priest
              (9 damage)
             ... on level 2 of the Dungeon.
             The game lasted 00:01:31 (1150 turns).

Dirtsage the Changeling (Octopode Shapeshifter)     Turns: 1150, Time: 00:01:32

Health: -7/28      AC:  1    Str: 16    XL:     4   Next: 72%
Magic:  4/4        EV: 13    Int: 10    God:
Gold:   136        SH:  0    Dex: 12    Spells: 3/3 levels left

rFire   . .          .
                       - Unarmed
rCold   . . .        (no shield)
rNeg    . . .        (helmet currently unavailable)
rPois   .            (no amulet)
rElec   .            (no ring)
rCorr   .            (no ring)
SInv    .            (no ring)
Will    .....        (no ring)
Stlth   ++           (no ring)
HPRegen 0.24/turn    (no ring)
MPRegen 0.09/turn    (no ring)
                     (no ring)

%: no passive effects
@: beast-form
A: beast (slay +3), almost no armour, amphibious, 8 rings, camouflage 1,
gelatinous body 1, (nimble swimmer 1), tentacles
a: Begin Untransformation


You were on level 2 of the Dungeon.
You were a hulking beast.
You visited 1 branch of the dungeon, and saw 3 of its levels.

You collected 136 gold pieces.

Inventory:

Missiles
 f - 4 curare-tipped darts
Talismans
 b - a beast talisman (active)
Scrolls
 c - a scroll of enchant weapon {unknown}
 d - 3 scrolls of amnesia {unknown}
 e - a scroll of identify {unknown}
 j - a scroll of teleportation {unknown}
Potions
 a - a potion of lignification
 g - 2 potions of enlightenment {unknown}
 h - a potion of might {unknown}
 i - a potion of attraction {unknown}
 k - a potion of cancellation {unknown}


   Skills:
 - Level 1.0 Fighting
 - Level 2.0 Dodging
 - Level 3.0 Unarmed Combat
 + Level 4.7 Shapeshifting


You had 3 spell levels left.
You didn't know any spells.
Your spell library was empty.

Dungeon Overview and Level Annotations

Branches:
Dungeon (3/15)

Altars:
Trog


Innate Abilities, Weirdness & Mutations

You are a hulking beast.
Your limbs bulge with bestial killing power. (Slay +3)
You cannot wear most types of armour.
You are amphibious.
You can wear up to eight rings at the same time.
Your skin changes colour to match your surroundings (Stealth+).
Your rubbery body absorbs attacks. (AC +1, EV +1)
((You are camouflaged when in or above water. (Stealth+)))
You have tentacles for arms and can constrict up to eight enemies at once.


Message History

You climb downwards.
The orc priest shouts!
The orc shouts!
The orc priest shouts!
The orc shouts!
There is a stone staircase leading up here.
There are monsters nearby!
You bludgeon the orc priest! Your grab misses the orc priest.
The orc priest is heavily wounded.
The orc priest invokes the aid of Beogh against you.
Beogh smites you!
Ouch! That really hurt!
You take 15 damage, and have 13/28 hp.
MASSIVE DAMAGE!!
The orc priest barely misses you. The orc hits you with a +0 hand axe.
You climb upwards.
There is a stone staircase leading down here.
You take 3 damage, and have 10/28 hp.
You tentacle-slap the orc priest but do no damage.
Your grab misses the orc priest. You squeeze the orc priest.
The orc priest is moderately wounded.
The orc hits you with a +0 hand axe.
The orc priest casts a cantrip, but nothing happens.
The orc priest hits you with a +0 dagger.
* * * LOW HITPOINT WARNING * * *
You take 3 damage, and have 7/28 hp.
You closely miss the orc priest. You grab the orc priest.
You squeeze the orc priest.
The orc priest is severely wounded.
You constrict the orc priest. The orc barely misses you.
The orc priest hits you with a +0 dagger.
* * * LOW HITPOINT WARNING * * *
The orc priest barely misses you.
You take 1 damage, and have 6/28 hp.
You tentacle-slap the orc priest.
You kill the orc priest!
You closely miss the orc priest. Your grab misses the orc priest.
Your squeeze misses the orc priest.
The orc priest is moderately wounded.
The orc hits you with a +0 hand axe.
* * * LOW HITPOINT WARNING * * *
The orc priest mumbles some strange prayers to Beogh against you.
Beogh smites you!
You die...

.#.#.#.#...###########
###.#..###...........#
####..####...........#
^....................#
.....................#
.........>.....#######
...............#.#
...............#o#
...............)h#
........†......#o#
...............#.#
...............#.#
#..............#.###############
#..............#..............<#
#.###'##########.###############
###.....## #.# #.......# #.#


You could see an orc priest and an orc.

Vanquished Creatures
  An orc priest (D:2)
  3 adders (D:2)
  A worm (D:2)
  5 endoplasms
  3 giant cockroaches
  4 goblins (D:2)
  5 hobgoblins
  4 jackals (D:1)
  2 ball pythons
  5 bats
  3 frilled lizards (D:2)
  2 rats (D:1)
38 creatures vanquished.

Notes
Turn   | Place    | Note
-------+----------+-------------------------------------------
     0 | D:1      | Dirtsage the Octopode Shapeshifter began the quest for the
                  | Orb.
     0 | D:1      | Reached XP level 1. HP: 13/13 MP: 1/1
   143 | D:1      | Reached XP level 2. HP: 18/18 MP: 2/2
   498 | D:2      | Reached XP level 3. HP: 15/23 MP: 3/3
   594 | D:2      | Reached skill level 4 in Shapeshifting
   635 | D:2      | Found a bloodstained altar of Trog.
   711 | D:2      | Reached XP level 4. HP: 19/28 MP: 4/4
  1150 | D:2      | Killed from afar by an orc priest

Illustrated notes

Levels and vault maps discovered:
D:1:      minmay_arrival_loop, layout_rooms, st_stairs_7
D:2:      layout_basic, basic_altar, kennysheep_flooded_box, minmay_circle_x
D:3:      layout_rooms, mainiacjoe_overflow_cross_hatched, cheibrodos_gnoll_hut

Skill      XL: |  1  2  3 |
---------------+----------+-----
Shapeshifting  | 4 |  4.7
Fighting       | |  1.0
Dodging        | |  2.0
Unarmed Combat | |  3.0

Action                     |  1- 3 |  4- 6 || total
---------------------------+-------+-------++-------
  Melee: Unarmed           |    53 |    19 ||    72
         Tentacles         |    12 |     5 ||    17
         Constrict         |    13 |     6 ||    19
         Punch             |     1 |     1 ||     2
   Stab: Sleeping          |     5 |     3 ||     8
         Distracted        |     1 |       ||     1
 Armour: Skin              |     6 |       ||     6
  Dodge: Dodged            |    27 |    13 ||    40

Table legend: (Time is in decaauts)
 A = Elapsed time spent in this place.
 B = Non-inter-level travel time spent in this place.
 C = Inter-level travel time spent in this place.
 D = Time resting spent in this place.
 E = Time spent auto-exploring this place.
 F = Levels seen in this place.
 G = Mean time per level.
                   A        B        C        D        E       F      G
               +--------+--------+--------+--------+--------+-----+--------+
         Total |   1146 |   1099 |     47 |      0 |    886 |   3 |  382.0 |
       Dungeon |   1146 |   1099 |     47 |      0 |    886 |   3 |  382.0 |
               +--------+--------+--------+--------+--------+-----+--------+

Top non-repeatable levels by time:
     D:2: 668 daAuts
     D:1: 475 daAuts
     D:3: 2 daAuts
